cohdb
Replays
Latest Replays
All Replays
Popular Replays
Top Player Replays
Match Explorer
How It Works
Community
CoH3 Stats
Reddit
Sign in to upload your games and track your stats! →
Sign in with Steam
Match 45375922
Unlisted
Match 45375922
Overview
Messages
Build Orders
End
Engineer Squad
Construct Barracks
Riflemen Squad
Selects Airborne Battlegroup
Selects Heavy Machine Gun Paradrop
Heavy Machine Gun Paradrop
Riflemen Squad
Grenade Package
Construct Weapon Support Center
Selects Paratrooper Squad Paradrop
Selects Smoke Bombing Run
M1 Mortar Team
Air Support Center
Selects Supply Drop
Grasshopper Recon Run
Double Sortie
P-47 Dive Bomb
P-47 Strafing Run
P-47 Dive Bomb
Air Supply
Grasshopper Recon Run
Supply Drop
Paratrooper Squad Paradrop
P-47 Strafing Run
Selects Anti-tank Gun Team Paradrop
Sayamander 🐉
jackliushanghai
RapidAssSaltwaterGrass
zombie land SAGA
AVA
고베
ceremoney
只因未来
0
0
Comments
sign in to comment!
No comments posted yet!